 Dungeon Crawl Stone Soup version 0.30-a0-726-gd89dcf765f (webtiles) character file.

Game seed: 11255052196967039911

21420 CrazyBamboolord the Cleaver (level 12, -1/114 HPs)
             Began as a Naga Fighter on Jan 29, 2023.
             Was a Priest of Cheibriados.
             Slain by a six-headed hydra (10 damage)
             ... in a Gauntlet.
             The game lasted 00:43:58 (13539 turns).

CrazyBamboolord the Cleaver (Naga Fighter)         Turns: 13539, Time: 00:43:59

Health: -1/114     AC: 18    Str: 37    XL:     12   Next: 89%
Magic:  17/17      EV:  8    Int: 16    God:    Cheibriados [***...]
Gold:   731        SH:  7    Dex: 20    Spells: 11/11 levels left

rFire   + . .      SeeInvis +    u - +6 flail (heavy)
rCold   . . .      Faith    .    c - +0 buckler
rNeg    . . .      Spirit   .    B - +2 scale mail {rF+}
rPois   +          Reflect  .    E - +1 helmet
rElec   .          Harm     .    q - +2 cloak
rCorr   .          Rampage  .    C - +0 pair of gloves
Will    +....      NoTele   +    (no barding)
Stlth   ++                       (no amulet)
HPRegen 0.39/turn                f - ring of wizardry
MPRegen 0.15/turn                x - +6 ring of strength

@: slowed, invisible, very slow
A: AC +4, large, see invisible, deformed body, poison resistance, slowness 2,
spit poison 1, naga tail 1
a: Spit Poison, Renounce Religion, Bend Time, Temporal Distortion


You were in a Gauntlet.
You worshipped Cheibriados.
Cheibriados was most pleased with you.
You visited 2 branches of the dungeon, and saw 13 of its levels.
You also visited: Gauntlet.

You collected 731 gold pieces.

Inventory:

Hand Weapons
 e - a +3 war axe of electrocution
 u - a +6 heavy flail (weapon)
 J - a +3 vampiric hand axe
Missiles
 D - a throwing net
Armour
 c - a +0 buckler (worn)
 p - an orb of light
 q - a +2 cloak (worn)
 B - a +2 scale mail of fire resistance (worn)
 C - a +0 pair of gloves (worn)
 E - a +1 helmet (worn)
Jewellery
 f - a ring of wizardry (left hand)
 k - a ring of fire
 n - a +6 ring of intelligence
 x - a +6 ring of strength (right hand)
 M - a ring of ice
Wands
 t - a wand of light (10)
 y - a wand of mindburst (10)
 H - a wand of polymorph (4)
 I - a wand of paralysis (2)
Scrolls
 a - a scroll of poison
 b - a scroll of identify
 d - a scroll of fog
 h - a scroll of amnesia
 i - 3 scrolls of immolation
 l - 3 scrolls of vulnerability
 w - a scroll of noise
 z - a scroll of silence
 F - a scroll of fear
 G - 3 scrolls of teleportation
Potions
 g - 5 potions of degeneration
 j - 3 potions of brilliance
 m - 2 potions of lignification
 o - 5 potions of resistance
 r - a potion of mutation
 v - 3 potions of ambrosia
 K - a potion of magic


   Skills:
 * Level 9.3 Fighting
 * Level 13.5 Axes
 * Level 8.2 Armour
 - Level 5.6 Stealth
 * Level 7.4 Shields
 * Level 7.0 Invocations


You had 11 spell levels left.
You didn't know any spells.
Your spell library contained the following spells:

 Spells                   Type           Power      Damage    Failure   Level
 Apportation              Tloc           0%         N/A       21%         1
 Slow                     Hex            0%         N/A       21%         1
 Cigotuvi's Dreadful Rot  Necr/Pois/Air  0%         N/A       28%         2
 Poisonous Vapours        Pois/Air       0%         N/A       28%         2
 Confusing Touch          Hex            0%         N/A       50%         3
 Mephitic Cloud           Conj/Pois/Air  0%         N/A       50%         3
 Portal Projectile        Hex/Tloc       0%         N/A       50%         3
 Vampiric Draining        Necr           0%         2d6       50%         3
 Vhi's Electric Charge    Tloc/Air       0%         N/A       50%         3
 Alistair's Intoxication  Tmut/Pois      0%         N/A       99%         5
 Summon Forest            Summ/Tloc      0%         N/A       99%         5
 Summon Mana Viper        Hex/Summ       0%         N/A       99%         5
 Death Channel            Necr           0%         N/A       100%        6
 Summon Cactus Giant      Summ           0%         N/A       100%        6


Dungeon Overview and Level Annotations

Branches:
Dungeon (11/15)            Temple (0/1) D:5            Lair (2/5) D:10
 Shoals (0/4) Lair:2        Snake (0/4) Lair:2          Orc (0/2) D:10
Gauntlet (1/1)

Altars:
Ashenzari
Cheibriados
Kikubaaqudgha
Makhleb
Nemelex Xobeh
Okawaru
Trog
Vehumet
Wu Jian
Xom
Yredelemnul

Shops:
D:5 (   D:11 ((

Annotations:
Lair:2 Fenrisus's ghost, journeyman TrFi Gauntlet 9 transporters, 4 runed translucent doors, exclusion: oklob plant


Innate Abilities, Weirdness & Mutations

Your serpentine skin is tough. (AC +4)
You have supernaturally acute eyesight. (SInv)
Armour fits poorly on your strangely shaped body.
Your system is resistant to poisons. (rPois)
You cover ground very slowly.
You can spit poison.
You have a snake-like lower body.


Message History

* * * LOW HITPOINT WARNING * * *
The six-headed hydra bites you but does no damage.
The torpor snail bites you!
* * * LOW HITPOINT WARNING * * *
You fade into invisibility!
The six-headed hydra bites you but does no damage.
The six-headed hydra closely misses you.
The six-headed hydra bites you but does no damage.
The six-headed hydra bites you.
* * * LOW HITPOINT WARNING * * *
The six-headed hydra bites you but does no damage. x2
The torpor snail barely misses you.
The six-headed hydra barely misses you. x2
The six-headed hydra closely misses you.
The six-headed hydra bites you.
* * * LOW HITPOINT WARNING * * *
The six-headed hydra bites you!
* * * LOW HITPOINT WARNING * * *
The six-headed hydra barely misses you.
You sock the six-headed hydra!
The six-headed hydra is almost dead.
You feel less invigorated.
You feel less confused.
You block the six-headed hydra's attack.
The six-headed hydra misses you.
You block the six-headed hydra's attack.
The six-headed hydra barely misses you.
The six-headed hydra bites you but does no damage. x2
The torpor snail barely misses you.
The six-headed hydra bites you but does no damage. x2
The six-headed hydra closely misses you.
The six-headed hydra bites you.
* * * LOW HITPOINT WARNING * * *
The six-headed hydra barely misses you. x2; The torpor snail barely misses you.
You sock the six-headed hydra!
The six-headed hydra is almost dead.
You block the six-headed hydra's attack.
The six-headed hydra bites you but does no damage. x2
The six-headed hydra completely misses you.
The six-headed hydra barely misses you. The six-headed hydra bites you!
You die...

##........................
#§..#########.#########.##
##§.###)©.[.#.#.ww©$..#.#(
#≈..###$###.#.#.###...#.#=
##..#.#^.##.#.#.###...#.##
#≈..#...©..§#.#.###...#.#.
##..#.##.^#.#.#w..©##.#.#.
#≈..#.###w###.#w#..##.#.#.
##..#...D@###.#w.w....#.#.
#≈..######################
###...#.©.........©.......
#§...#...........©.......
###..####################
#≈.........#....©....#..
###........#..#...#..#..
#§#≈#§#..#.#######.#..
#######..##..#.#..##..


You could see a six-headed hydra (unable to see you) and a torpor snail (unable
to see you).

Vanquished Creatures
  Erolcha (D:10)
  A hydra (Lair:2)
  2 two-headed ogres
  A boulder beetle (D:11)
  Amaemon (D:8)
  Pikel (D:5)
  A cyclops (D:11)
  3 elephants (Lair:2)
  An orange demon (D:8)
  2 cane toads (Lair:1)
  A gargoyle (D:11)
  Psyche (D:10)
  A komodo dragon (Lair:1)
  A kobold demonologist (D:10)
  2 rime drakes (Lair:1)
  A yaktaur (shapeshifter) (D:10)
  A queen bee (D:10)
  2 trolls
  Prince Ribbit (D:5)
  A large abomination (Gauntlet)
  2 slime creatures (Gauntlet)
  Sigmund (D:2)
  A shadow (D:10)
  2 wyverns
  A vampire (D:11)
  30 yaks
  A steam dragon (D:8)
  Eustachio (D:5)
  A basilisk (Lair:1)
  Menkaure (D:7)
  Edmund (D:5)
  6 water moccasins
  4 acid dragons
  A sky beast (D:7)
  An orc warrior (D:9)
  An ice beast (D:8)
  3 black bears
  4 ogres
  A centaur (D:11)
  4 kobold brigands
  4 lemures (D:5)
  2 phantoms (D:4)
  Blork the orc (D:5)
  4 small abominations (Gauntlet)
  2 necrophages
  2 gnoll sergeants (D:8)
  3 bullfrogs
  2 scorpions
  10 wights
  28 killer bees
  12 howler monkeys
  4 jellies
  3 hounds
  Crazy Yiuf (D:3)
  3 orc priests
  3 gnoll boudas
  4 iguanas
  4 orc wizards
  7 adders
  31 gnolls
  A shadow imp (D:7)
  3 white imps
  3 worms
  3 dart slugs
  15 orcs
  8 endoplasms
  3 giant cockroaches
  25 goblins
  30 hobgoblins
  7 jackals
  13 kobolds
  7 quokkas
  7 ball pythons
  7 bats
  3 frilled lizards
  9 rats
367 creatures vanquished.

Vanquished Creatures (others)
  A hound (D:7)
  7 fungi
  6 plants
14 creatures vanquished.

Grand Total: 381 creatures vanquished

Notes
Turn   | Place    | Note
-------+----------+-------------------------------------------
     0 | D:1      | CrazyBamboolord the Naga Fighter began the quest for the
                  | Orb.
     0 | D:1      | Reached XP level 1. HP: 21/21 MP: 1/1
    64 | D:1      | Reached XP level 2. HP: 28/28 MP: 2/2
   322 | D:1      | Reached XP level 3. HP: 31/34 MP: 3/3
   829 | D:2      | Reached skill level 3 in Axes
   829 | D:2      | Reached XP level 4. HP: 42/42 MP: 4/4
   838 | D:2      | Noticed Sigmund
   868 | D:2      | Killed Sigmund
   869 | D:2      | Reached skill level 4 in Axes
   869 | D:2      | Reached XP level 5. HP: 50/50 MP: 5/5
   869 | D:2      | Reached XP level 6. HP: 57/57 MP: 6/6
  2320 | D:3      | Found a runed translucent door.
  2321 | D:3      | Noticed Crazy Yiuf
  2327 | D:3      | Killed Crazy Yiuf
  2723 | D:4      | Reached skill level 5 in Axes
  2723 | D:4      | Reached XP level 7. HP: 59/64 MP: 7/7
  2896 | D:4      | Found a burning altar of Makhleb.
  2898 | D:4      | Found a snail-covered altar of Cheibriados.
  2912 | D:4      | Became a worshipper of Cheibriados the Contemplative
  3077 | D:5      | Entered Level 5 of the Dungeon
  3083 | D:5      | Noticed Eustachio
  3085 | D:5      | Noticed Prince Ribbit
  3093 | D:5      | Killed Eustachio
  3094 | D:5      | Reached skill level 1 in Stealth
  3115 | D:5      | Killed Prince Ribbit
  3116 | D:5      | Reached skill level 6 in Axes
  3116 | D:5      | Reached XP level 8. HP: 60/73 MP: 8/8
  3203 | D:5      | Found Acadaggu's Antique Weapon Boutique.
  3311 | D:5      | Noticed Edmund
  3333 | D:5      | Killed Edmund
  3334 | D:5      | Reached skill level 5 in Fighting
  3490 | D:5      | Noticed Blork the orc
  3502 | D:5      | Killed Blork the orc
  3746 | D:5      | Reached skill level 1 in Invocations
  3966 | D:5      | Found a staircase to the Ecumenical Temple.
  4110 | D:5      | Reached * piety under Cheibriados
  4200 | D:5      | Reached skill level 7 in Axes
  4382 | D:5      | Noticed Pikel
  4419 | D:5      | Killed Pikel
  4420 | D:5      | Reached skill level 5 in Stealth
  4420 | D:5      | Reached XP level 9. HP: 44/82 MP: 10/10
  4558 | D:5      | Reached ** piety under Cheibriados
  4643 | D:5      | Reached skill level 8 in Axes
  4749 | D:5      | Reached *** piety under Cheibriados
  5238 | D:6      | Found a radiant altar of Vehumet.
  5238 | D:6      | Found a basalt altar of Yredelemnul.
  5970 | D:7      | Reached skill level 9 in Axes
  5973 | D:7      | Reached skill level 5 in Shields
  6032 | D:7      | Reached XP level 10. HP: 91/91 MP: 12/12
  6103 | D:7      | Reached skill level 5 in Armour
  6106 | D:7      | Reached **** piety under Cheibriados
  6207 | D:7      | Noticed Menkaure
  6412 | D:7      | Got Sif Muna's Compilation of Planar Dark Mysteries
  6421 | D:7      | Found a shimmering altar of Xom.
  6569 | D:7      | Killed Menkaure
  6717 | D:8      | Reached skill level 10 in Axes
  6968 | D:8      | Reached ***** piety under Cheibriados
  7006 | D:8      | Noticed Amaemon
  7007 | D:8      | Noticed an orange demon
  7013 | D:8      | Killed Amaemon
  7015 | D:8      | Killed an orange demon
  7335 | D:8      | Reached skill level 11 in Axes
  7752 | D:8      | Identified the +8 dagger "Xaott" {vamp, rC+}
  8009 | D:9      | Reached XP level 11. HP: 69/100 MP: 3/14
  8206 | D:9      | Reached skill level 5 in Invocations
  8630 | D:10     | Entered Level 10 of the Dungeon
  8745 | D:10     | Found an ancient bone altar of Kikubaaqudgha.
  8756 | D:10     | Noticed Psyche
  8758 | D:10     | Killed Psyche
  9034 | D:10     | Found an ornate altar of the Wu Jian Council.
  9035 | D:10     | Found an iron altar of Okawaru.
  9036 | D:10     | Found a sparkling altar of Nemelex Xobeh.
  9036 | D:10     | Found a bloodstained altar of Trog.
  9281 | D:10     | Found a staircase to the Lair.
  9286 | D:10     | Noticed a two-headed ogre
  9292 | D:10     | Killed a two-headed ogre
  9456 | D:10     | Reached skill level 12 in Axes
  9723 | D:10     | Found a broken altar of Ashenzari.
  9729 | D:10     | Noticed Erolcha
  9741 | D:10     | Killed Erolcha
  9907 | D:10     | Noticed a soul eater
 10136 | D:10     | Found a staircase to the Orcish Mines.
 10452 | D:11     | Noticed a two-headed ogre
 10463 | D:11     | Killed a two-headed ogre
 10689 | D:11     | Found Xotyar Jay's Weapon Boutique.
 10777 | D:11     | Found Ymnusmumn's Antique Weapon Shop.
 10800 | D:11     | Reached XP level 12. HP: 95/112 MP: 16/16
 10928 | D:11     | Noticed a boulder beetle
 10936 | D:11     | Killed a boulder beetle
 11634 | Lair:1   | Entered Level 1 of the Lair of Beasts
 12234 | Lair:1   | Reached skill level 13 in Axes
 12631 | Lair:2   | Noticed Fenrisus's ghost (journeyman TrFi)
 12638 | Lair:2   | Noticed a five-headed hydra
 12643 | Lair:2   | Killed a six-headed hydra
 12723 | Lair:2   | Found a gate leading to a gauntlet.
 12732 | Gauntlet | Entered a Gauntlet
 12732 | Gauntlet | Found a transporter.
 12732 | Gauntlet | Found a transporter.
 12739 | Gauntlet | Found a transporter.
 12752 | Gauntlet | Found a transporter.
 12769 | Gauntlet | Found a transporter.
 12772 | Gauntlet | Found a transporter.
 12772 | Gauntlet | Found a transporter.
 12773 | Gauntlet | Found a transporter.
 12775 | Gauntlet | Noticed a six-headed hydra
 12785 | Gauntlet | Found a transporter.
 12801 | Gauntlet | Found a transporter.
 12810 | Gauntlet | Found a runed translucent gate.
 12811 | Gauntlet | Found a transporter.
 12811 | Gauntlet | Found a runed translucent gate.
 12812 | Gauntlet | Found a runed translucent gate.
 12825 | Gauntlet | Found a transporter.
 12845 | Gauntlet | Found a transporter.
 12846 | Gauntlet | Found a runed translucent door.
 12857 | Gauntlet | Found a transporter.
 13537 | Gauntlet | HP: 2/114 [six-headed hydra (11)]
 13539 | Gauntlet | Slain by a six-headed hydra

Illustrated notes

Levels and vault maps discovered:
D:1:      onia_arrival_handbag, layout_basic, chequers_serial_rivers_micro_a
D:2:      layout_basic, kennysheep_boxes, uniq_sigmund
D:3:      layout_loops_ring, uniq_crazy_yiuf_cottage
D:4:      layout_loops_cross, cheibriados_altar_1, bloody_makhleb
D:5:      minmay_goblin_kobold_castle, layout_basic, minmay_temple_entry_wispy,
          serial_shops, shop, uniq_prince_ribbit1, uniq_blork_the_orc,
          uniq_eustachio, uniq_pikel, uniq_edmund
D:6:      layout_cave_pods, nicolae_overflow_two_pavilions, serial_column_ruins,
          column_ruins_columns_dead_end, column_ruins_open_small_water,
          column_ruins_grid_4, column_ruins_open_tiny, column_ruins_grid_1,
          column_ruins_open_tiny
D:7:      layout_rooms, xom_confusion_cloud, uniq_menkaure
D:8:      layout_loops_ring, uniq_amaemon
D:9:      layout_cave_pools
D:10:     layout_roguey [special_room_bee],
          chequers_temple_overflow_statue_of_worship, old_standard_altar,
          nicolae_ashenzari_skybound, glass_columns_a, uniq_erolcha, uniq_psyche
D:11:     layout_basic, serial_rivers, chequers_serial_rivers_marsh,
          chequers_serial_rivers_small_3, chequers_serial_rivers_small_b,
          chequers_serial_rivers_large_a, chequers_serial_rivers_micro_a,
          serial_shops, nicolae_shop_trees, nicolae_shop_hallway_plus
Lair:1:   layout_big_grid, infiniplex_staircase_pool, grunt_megastairs_3
Lair:2:   layout_concentric_octagons, elwin_shoals_entry_rooms,
          guppyfry_snake_entry_island, gauntlet_entry_generic,
          gammafunk_ghost_icy
Gauntlet: gammafunk_gauntlet_mixed_choke_point
          [minmay_gauntlet_arena_77_two_lines, minmay_gauntlet_arena_77_path,
          minmay_gauntlet_arena_77_radiant_squares,
          gammafunk_gauntlet_arena_chambers, minmay_gauntlet_arena_77_p_blocks,
          minmay_gauntlet_arena_77_block_sizes,
          minmay_gauntlet_arena_77_run_for_it, gauntlet_exit_watery]

Skill      XL: |  1  2  3  4  5  6  7  8  9 10 11 12 |
---------------+-------------------------------------+-----
Shields        | 3 4 5 6 7 |  7.4
Axes           | 3 4 5 6 7 9 11 12 13 | 13.5
Armour         | 3 4 5 7 8 |  8.2
Fighting       | 4 5 6 7 8 9 |  9.3
Stealth        | 3 5 |  5.6
Invocations    | 2 3 4 5 7 |  7.0

Action                     |  1- 3 |  4- 6 |  7- 9 | 10-12 || total
---------------------------+-------+-------+-------+-------++-------
  Melee: War axe           |    87 |    90 |   243 |   397 ||   817
         Hand axe          |       |       |       |    73 ||    73
         Flail             |       |       |       |     6 ||     6
 Invoke: Bend Time         |       |       |     1 |       ||     1
         Slouch            |       |       |       |    10 ||    10
Ability: Spit Poison       |    23 |    25 |    34 |    44 ||   126
  Evoke: Wand              |       |     1 |     8 |     5 ||    14
    Use: Potion            |       |     8 |     4 |    17 ||    29
         Scroll            |       |     5 |     6 |    17 ||    28
   Stab: Paralysed         |       |     1 |    11 |       ||    12
         Sleeping          |       |       |     5 |       ||     5
         Invisible         |       |       |       |     1 ||     1
 Armour: Scale mail        |    51 |    38 |    13 |   203 ||   305
         Skin              |       |    18 |       |     3 ||    21
         Leather armour    |       |       |    93 |    62 ||   155
  Dodge: Dodged            |    40 |    33 |   101 |   207 ||   381
  Block: Buckler           |    24 |    20 |    61 |   209 ||   314

Table legend: (Time is in decaauts)
 A = Elapsed time spent in this place.
 B = Non-inter-level travel time spent in this place.
 C = Inter-level travel time spent in this place.
 D = Time resting spent in this place.
 E = Time spent auto-exploring this place.
 F = Levels seen in this place.
 G = Mean time per level.
                   A        B        C        D        E       F      G
               +--------+--------+--------+--------+--------+-----+--------+
         Total |  22234 |  20267 |   1967 |   1101 |  15782 |  14 | 1588.1 |
       Dungeon |  19130 |  17415 |   1715 |    726 |  14262 |  11 | 1739.1 |
          Lair |   1722 |   1470 |    252 |      0 |   1205 |   2 |  861.0 |
      Gauntlet |   1381 |   1381 |      0 |    375 |    314 |   1 | 1381.0 |
               +--------+--------+--------+--------+--------+-----+--------+

Top non-repeatable levels by time:
     D:5: 3097 daAuts
    D:10: 2614 daAuts
     D:8: 2388 daAuts
     D:6: 2011 daAuts
    D:11: 1885 daAuts
     D:9: 1662 daAuts
  Lair:1: 1588 daAuts
     D:7: 1416 daAuts
Gauntlet: 1381 daAuts
     D:3: 1324 daAuts
     D:2: 1034 daAuts
     D:4: 924 daAuts
     D:1: 772 daAuts
  Lair:2: 133 daAuts
